AoeStats
← Lord RDB

Arabia

510307061Analyzed
1v1 RM · 18h ago on Sep 30, 2026· 62m 58s· 2 players
Game mode
Random Map
Map size
Tiny (2 player)
Population
200
Speed
Normal
Resources
Standard
Victory
Conquest
Starting age
Dark Age
Ending age
Imperial Age
RankedLock teamsTeams togetherTeam positionsShared explorationLock speedFull tech treeHidden civsTurbo modeCheats
Victory
Defeat
🇧🇷 Japanese · Brazil
1406
+16
🇦🇪 Persians · United Arab Emirates
1414
-16
jesseytf
2:34 Loom
9:37 Feudal Age
10:20 Man-at-Arms
12:22 Town Watch
18:01 Fletching
21:16 Double-Bit Axe
21:37 Padded Archer Armor
24:01 Arson
27:59 Scale Mail Armor
28:10 Forging
34:46 Castle Age
34:50 Long Swordsman
35:16 Gambesons
35:32 Squires
35:54 Chain Mail Armor
39:29 Iron Casting
40:24 Horse Collar
45:19 Gold Mining
45:40 Bow Saw
45:31 Heavy Plow
51:06 Wheelbarrow
58:22 Imperial Age
60:51 Hand Cart
59:58 Two-Handed Swordsman
61:10 Plate Mail Armor
62:21 Blast Furnace
62:10 Champion
Lord RDB
6:43 Loom
9:06 Feudal Age
10:00 Double-Bit Axe
13:39 Fletching
24:25 Castle Age
24:51 Scale Barding Armor
25:08 Bodkin Arrow
27:53 Bloodlines
32:23 Chain Barding Armor
33:40 Gold Mining
34:06 Husbandry
34:16 Horse Collar
35:03 Padded Archer Armor
35:18 Forging
36:59 Wheelbarrow
39:14 Iron Casting
38:48 Padded Archer Armor
41:37 Gold Shaft Mining
40:52 Stone Mining
41:37 Gold Shaft Mining
40:52 Stone Mining
41:16 Bow Saw
41:11 Town Watch
43:58 Parthian Tactics
54:49 Murder Holes
Connection lost

Rejoining the realm…

Still unreachable

The connection could not be restored.

Session expired

The server has moved on; the page needs a fresh start.